 Dungeon Crawl Stone Soup version 0.29.1-2-gbd0b4ee654 (webtiles) character file.

Game seed: 17569365917884810588

81 RascalDebosk the Magician (level 4, -4/31 HPs)
             Began as a Djinni Venom Mage on Oct 30, 2022.
             Killed by divine providence
             ... invoked by an orc priest
              (16 damage)
             ... on level 3 of the Dungeon.
             The game lasted 00:20:59 (2664 turns).

RascalDebosk the Magician (Djinni Venom Mage)       Turns: 2664, Time: 00:20:59

Health: -4/31      AC:  2    Str: 19    XL:     4   Next: 67%
Gold:   57         EV: 12    Int: 18    God:
                   SH:  0    Dex: 14

rFire   + + .      SeeInvis .   h - +0 hand axe
rCold   x . .      Faith    .   (no shield)
rNeg    . . .      Spirit   .   a - +0 robe
rPois   ∞          Reflect  .   (no helmet)
rElec   .          Harm     .   (no cloak)
rCorr   .          Rampage  .   (no gloves)
Will    .....                   (boots unavailable)
Stlth   ++........              (no amulet)
HPRegen 0.10/turn               g - +6 ring of strength
MPRegen 0.00/turn               e - +6 ring of strength

@: radiating poison, flying
A: sickness immunity, fire resistance 2, cold vulnerability 1, float, innate
caster, HP casting, extra vitality 1
a: no special abilities


You were on level 3 of the Dungeon.
You visited 1 branch of the dungeon, and saw 3 of its levels.

You collected 122 gold pieces.
You spent 65 gold pieces at shops.

Inventory:

Hand Weapons
 h - a +0 hand axe (weapon)
Armour
 a - a +0 robe (worn)
Jewellery
 e - a +6 ring of strength (right hand)
 g - a +6 ring of strength (left hand)
Scrolls
 i - 4 scrolls of identify
 j - a scroll of brand weapon {unknown}
 k - a scroll of blinking {unknown}
 l - a scroll of vulnerability {unknown}
 m - a scroll of torment {unknown}
 t - a scroll of teleportation
Potions
 b - a potion of haste {unknown}
 c - a potion of degeneration {unknown}
 d - a potion of mutation {unknown}
 f - a potion of resistance {unknown}
 n - a potion of heal wounds {unknown}


   Skills:
 + Level 0.0 Fighting
 - Level 2.1 Dodging
 - Level 1.5 Stealth
 * Level 4.0 Spellcasting


You couldn't memorise any spells.
You knew the following spells:

 Your Spells              Type           Power      Damage    Failure   Level
a - Sting                 Tmut/Pois      72%        1d6       2%          1
b - Poisonous Vapours     Pois/Air       36%        N/A       4%          2
c - Mephitic Cloud        Conj/Pois/Air  18%        N/A       9%          3
d - Olgreb's Toxic Radia  Pois           18%        N/A       28%         4
e - Summon Small Mammal   Summ           72%        N/A       2%          1
Your spell library was empty.

Dungeon Overview and Level Annotations

Branches:
Dungeon (3/15)

Altars:

Shops:
D:1 ?


Innate Abilities, Weirdness & Mutations

You are immune to sickness and miasma.
You are immune to poison.
Your flesh is very heat resistant. (rF++)
You are vulnerable to cold. (rC-)
You float through the air rather than walking.
You learn spells naturally, not from books.
Your magical power is your life essence.
You have superior vitality. (+4 MHP)


Message History

The kobold throws a stone.
The stone hits you but does no damage.
You kill the kobold!
Things that are here:
a +0 short sword; 7 stones
Found a long sword.
Found a green potion.
n - a green potion You see here a book of Unlife.
You see here a book of Unlife.
Done exploring.
There is a stone staircase leading down here.
You fly downwards.
There is a stone staircase leading up here.
You fly upwards.
There is a stone staircase leading down here.
You fly downwards.
There is a stone staircase leading up here.
An orc comes into view. It is wielding a +0 hand axe.
Casting: Poisonous Vapours (safe; 4% risk of failure)
Confirm with . or Enter, or press ? or * to list all spells.
Aiming: Poisonous Vapours (safe; 4% risk of failure)
Press: ? - help, Dir - move target, f - orc
Aim: an orc, wielding a +0 hand axe and wearing a +0 ring mail (asleep) Poisonous vapours surround the orc!
The orc is poisoned.
The orc shouts!
Casting: Poisonous Vapours (safe; 4% risk of failure)
Confirm with . or Enter, or press ? or * to list all spells.
Aiming: Poisonous Vapours (safe; 4% risk of failure)
Press: ? - help, Dir - move target, f/p - orc
Aim: an orc, wielding a +0 hand axe and wearing a +0 ring mail (moderately wounded, poisoned) Poisonous vapours surround the orc!
The orc looks even sicker.
An orc wizard comes into view. It is wielding a +0 dagger.
Casting: Poisonous Vapours (safe; 4% risk of failure)
Confirm with . or Enter, or press ? or * to list all spells.
Aiming: Poisonous Vapours (safe; 4% risk of failure)
Press: ? - help, Dir - move target, f - orc wizard, p - orc
Aim: an orc wizard, wielding a +0 dagger and wearing a +0 robe (wandering, hasn't noticed you) Poisonous vapours surround the orc wizard!
The orc wizard is poisoned.
The orc wizard shouts!
An orc priest comes into view. It is wielding a +0 mace.
Casting: Poisonous Vapours (safe; 4% risk of failure)
Confirm with . or Enter, or press ? or * to list all spells.
Aiming: Poisonous Vapours (safe; 4% risk of failure)
Press: ? - help, Dir - move target, f/p - orc wizard
Aim: an orc wizard, wielding a +0 dagger and wearing a +0 robe (poisoned) Poisonous vapours surround the orc wizard!
The orc wizard looks even sicker.
The orc priest looks braver for a moment.
Casting: Poisonous Vapours (safe; 4% risk of failure)
Confirm with . or Enter, or press ? or * to list all spells.
Aiming: Poisonous Vapours (safe; 4% risk of failure)
Press: ? - help, Dir - move target, f - orc priest, p - orc wizard
Aim: an orc priest, wielding a +0 mace and wearing a +0 leather armour Poisonous vapours surround the orc priest!
The orc priest is poisoned.
You kill the orc!
The orc wizard casts a spell at you. You resist with some effort.
There is a stone staircase leading up here.
Aiming: Sting (safe; 3% risk of failure)
Press: ? - help, Q - select action, (/) - cycle Shift-Dir - straight line, f - orc wizard
Aim: an orc wizard, wielding a +0 dagger and wearing a +0 robe (moderately wounded, very poisoned, 67% to hit)
The sting hits the orc wizard.
The orc wizard looks even sicker.
The orc wizard is moderately wounded.
Aiming: Sting (safe; 3% risk of failure)
Press: ? - help, Q - select action, (/) - cycle Shift-Dir - straight line, f/p - orc wizard
Aim: an orc wizard, wielding a +0 dagger and wearing a +0 robe (heavily wounded, very poisoned, 67% to hit)
The sting hits the orc wizard.
The orc wizard looks as sick as possible!
The orc wizard is heavily wounded.
The orc wizard casts a spell at you. The puff of flame hits you. You resist.
Aiming: Sting (safe; 3% risk of failure)
Press: ? - help, Q - select action, (/) - cycle Shift-Dir - straight line, f/p - orc wizard
Aim: an orc wizard, wielding a +0 dagger and wearing a +0 robe (heavily wounded, extremely poisoned, 67% to hit)
The sting hits the orc wizard.
The orc wizard looks as sick as possible!
The orc wizard is almost dead.
The orc priest miscasts a cantrip.
Aiming: Sting (safe; 3% risk of failure)
Press: ? - help, Q - select action, (/) - cycle Shift-Dir - straight line, f/p - orc wizard
Aim: an orc wizard, wielding a +0 dagger and wearing a +0 robe (almost dead, extremely poisoned, 67% to hit)
The sting hits the orc wizard.
The orc wizard looks as sick as possible!
You kill the orc wizard!
The orc priest looks more healthy.
Training target 4.0 for Spellcasting reached!
Your Spellcasting skill increases to level 4!
You need to enable at least one skill for training.
Casting: Sting (safe; 2% risk of failure)
Confirm with . or Enter, or press ? or * to list all spells.
The spell is extremely dangerous to miscast (28% risk of failure)!
Continue anyway?
You begin to radiate toxic energy.
The orc priest is poisoned.
* * * LOW HITPOINT WARNING * * *
The orc priest looks even sicker.
The orc priest invokes the aid of Beogh against you.
Beogh smites you!
Ouch! That really hurt!
You die...

...##########
#......o)@.#
#####..###.#
#..# ## ##)#
... #.. ..o
...#


You could see an orc priest (very poisoned).

Vanquished Creatures
  An orc wizard (D:3)
  An adder (D:2)
  A dart slug (D:1)
  An orc (D:3)
  A bat (D:1)
  3 endoplasms (D:1)
  2 giant cockroaches
  10 hobgoblins
  2 jackals (D:1)
  6 kobolds
  2 quokkas (D:1)
  7 ball pythons
  A frilled lizard (D:2)
  2 rats (D:1)
40 creatures vanquished.

Notes
Turn   | Place    | Note
-------+----------+-------------------------------------------
     0 | D:1      | RascalDebosk the Djinni Venom Mage began the quest for the
                  | Orb.
     0 | D:1      | RascalDebosk set off with the following spells memorised:
                  | Sting, Poisonous Vapours, Mephitic Cloud, Olgreb's Toxic
                  | Radiance.
     0 | D:1      | Reached XP level 1. HP: 15/15 MP: 0/0
    79 | D:1      | Reached XP level 2. HP: 13/21 MP: 0/0
   233 | D:1      | Reached skill level 3 in Spellcasting
   556 | D:1      | Reached XP level 3. HP: 13/25 MP: 0/0
   556 | D:1      | Learned a level 1 spell: Summon Small Mammal
   560 | D:1      | HP: 1/25 [quokka (2)]
  1528 | D:1      | Found a faded altar of an unknown god.
  1546 | D:1      | Found Lezocu Kiev's Magic Scroll Shoppe.
  1554 | D:1      | Bought a scroll of identify for 26 gold pieces
  1554 | D:1      | Bought a scroll of teleportation for 39 gold pieces
  2228 | D:2      | Reached XP level 4. HP: 29/31 MP: 0/0
  2664 | D:3      | Reached skill level 4 in Spellcasting
  2664 | D:3      | Killed from afar by an orc priest

Illustrated notes

Levels and vault maps discovered:
D:1:      arrival_zaba_pyramid, layout_basic,
          hellmonk_ecumenical_altar_pennies_from_heaven, serial_shops,
          nicolae_shop_waterfront, minmay_misc_feat_nine_boxes,
          minmay_tetromino_o4
D:2:      layout_rooms
D:3:      layout_rooms, kennysheep_ying_yang, fedhas_altar_fruit_tree,
          serial_shops, nicolae_shop_bloodbath_and_beyond, minmay_crystal_room,
          serial_bayou_pond_a, st_stairs_4, minmay_box_of_dots

Skill      XL: |  1  2  3  4 |
---------------+-------------+-----
Spellcasting   | 3 4 |  4.0
Dodging        | |  2.1
Stealth        | |  1.5

Action                   |  1- 3 |  4- 6 || total
-------------------------+-------+-------++-------
Melee: Unarmed           |     3 |       ||     3
       Hand axe          |     2 |     1 ||     3
 Cast: Sting             |    34 |     6 ||    40
       Poisonous Vapours |    28 |    11 ||    39
       Mephitic Cloud    |     2 |     3 ||     5
       Olgreb's Toxic Ra |       |     1 ||     1
Armor: Robe              |     1 |     2 ||     3
Dodge: Dodged            |    10 |     1 ||    11
